[Event "Titled Tuesday Blitz September 28 2021"]
[White "Yoo, Christopher Woojin"]
[Black "Jain, Naveen"]
[WhiteFideId "30909694"]
[BlackFideId "5003970"]
[WhiteElo "2105"]
[BlackElo "2036"]
[Result "0-1"]
[Round "01"]
[TimeControl "180+1"]
[Date "2021.09.28"]
[WhiteClock "0:00:02"]
[BlackClock "0:00:06"]

1. e4 Nf6 2. Nc3 d5 3. exd5 Nxd5 4. Bc4 Nb6 5. Bb5+ c6 6. Be2 Bf5 7. Nf3 e6 8. O-O Bd6 9. d4 O-O 10. h3 N8d7 11. a4 Rc8 12. a5 Nd5 13. Nxd5 cxd5 14. c3 Nf6 15. Bd3 Ne4 16. Qe2 Bc7 17. a6 b6 18. Re1 Qd6 19. c4 Bb8 20. b3 Rfe8 21. Ba3 Qf4 22. Bc1 Qc7 23. Be3 Qd6 24. Rac1 Qb4 25. Qc2 Qa5 26. Ra1 Qb4 27. Rec1 Qe7 28. Qe2 Qb4 29. Qc2 h6 30. Nd2 Qd6 31. Nf3 Rc7 32. c5 Qe7 33. b4 Rec8 34. Bf4 bxc5 35. Bxc7 Qxc7 36. bxc5 Ng5 0-1


[Site "https://www.chess.com"]

[Event "Titled Tuesday Blitz September 28 2021"]
[White "Zhalmakhanov, Ramazan"]
[Black "Gonzalez Menendez, Ivan"]
[WhiteFideId "13706357"]
[BlackFideId "2226316"]
[WhiteElo "2531"]
[BlackElo "2424"]
[Result "1-0"]
[Round "01"]
[TimeControl "180+1"]
[Date "2021.09.28"]
[WhiteClock "0:00:04"]
[BlackClock "0:00:53"]

1. e4 e6 2. d4 d5 3. Nc3 Bb4 4. e5 c5 5. a3 Bxc3+ 6. bxc3 Ne7 7. Nf3 b6 8. Ng5 Qc7 9. Qh5 g6 10. Qf3 O-O 11. Qh3 h5 12. Be2 cxd4 13. cxd4 Qxc2 14. Bd2 Ba6 15. Rc1 Qb2 16. Bxa6 Nxa6 17. Qd3 Rac8 18. O-O Rc4 19. Be3 Rfc8 20. Rb1 Qc3 21. Qd1 Nf5 22. Qf3 Rxd4 23. Bxd4 Nxd4 24. Qxf7+ Kh8 25. Qh7# 1-0


[Site "https://www.chess.com"]

[Event "Titled Tuesday Blitz September 28 2021"]
[White "Zong, Davis"]
[Black "Quispe Arteaga, Gabriel"]
[WhiteFideId "30903955"]
[BlackFideId "32059809"]
[WhiteElo "2061"]
[BlackElo "2192"]
[Result "1-0"]
[Round "01"]
[TimeControl "180+1"]
[Date "2021.09.28"]
[WhiteClock "0:00:40"]
[BlackClock "0:00:07"]

1. d4 Nf6 2. c4 e6 3. g3 Bb4+ 4. Bd2 Be7 5. Bg2 d5 6. Nf3 O-O 7. O-O a6 8. Qc2 dxc4 9. Qxc4 b5 10. Qc2 Bb7 11. Nc3 Nbd7 12. Rac1 Rc8 13. Rfd1 Qe8 14. Qb1 c5 15. dxc5 Nxc5 16. b4 Nce4 17. Be1 Nxc3 18. Bxc3 Nd5 19. Bd2 Nb6 20. Ng5 Bxg5 21. Bxb7 Rxc1 22. Qxc1 Bxd2 23. Qxd2 Qb8 24. Bxa6 Nc4 25. Qd4 e5 26. Qc5 Rd8 27. Rxd8+ Qxd8 28. Bxb5 Na3 29. Bd3 g6 30. b5 Qa5 31. Qxe5 Qb4 32. Kg2 h5 33. h4 Qb2 34. Qxb2 1-0


[Site "https://www.chess.com"]

[Event "Titled Tuesday Blitz September 28 2021"]
[White "Aitbayev, Aslan"]
[Black "Guliev, Logman"]
[WhiteFideId "13704613"]
[BlackFideId "13400061"]
[WhiteElo "2417"]
[BlackElo "2128"]
[Result "0-1"]
[Round "02"]
[TimeControl "180+1"]
[Date "2021.09.28"]
[WhiteClock "0:00:12"]
[BlackClock "0:00:14"]

1. e4 c5 2. Nf3 d6 3. d4 cxd4 4. Qxd4 Nf6 5. Bb5+ Bd7 6. Bxd7+ Nbxd7 7. c4 g6 8. Nc3 Bg7 9. O-O O-O 10. Qd3 Rc8 11. h3 Ne5 12. Nxe5 dxe5 13. Qe2 Qd4 14. Be3 Qxc4 15. Qxc4 Rxc4 16. f3 a6 17. Rfd1 Rfc8 18. Rd2 Nh5 19. Nd5 Bf8 20. Rad1 Rc2 21. Nc3 Rxd2 22. Rxd2 Nf4 23. Rd7 b5 24. a3 e6 25. Ra7 Bxa3 26. Rxa6 Bxb2 27. Nxb5 Rc2 28. Bxf4 exf4 29. Kf1 Bc1 30. Ra8+ Kg7 31. Ra7 Be3 32. Rc7 Rf2+ 33. Ke1 Rxg2 34. Nd6 g5 35. Nxf7 Kf6 36. Nh6 Kg6 37. Ng4 Bd4 38. Rd7 Bg7 39. Nf2 Rg3 40. Ke2 Rg2 41. Kf1 Rg3 42. Ke2 h5 43. Re7 Kf6 44. Rd7 Bf8 45. Rc7 Bd6 46. Rc6 Be5 47. Rc4 Rg1 48. Rb4 Ra1 49. Rc4 Ra2+ 50. Kf1 Ra3 51. Ke2 Re3+ 52. Kf1 Rxf3 53. Rc8 Bd4 54. Ke2 Rxf2+ 55. Kd3 e5 56. Rf8+ Ke7 57. Rf5 Rf3+ 58. Kc4 Rg3 59. Kd5 f3 60. h4 gxh4 61. Rxh5 f2 62. Rh7+ Kf6 63. Rh8 Kg7 64. Rc8 f1=Q 65. Rc7+ Kg6 66. Ke6 Qf6+ 67. Kd5 Qd8+ 68. Kc6 Rc3+ 69. Kb5 Rxc7 70. Ka4 Qb8 71. Ka3 Ra7# 0-1


[Site "https://www.chess.com"]

[Event "Titled Tuesday Blitz September 28 2021"]
[White "Al-Tarboush, Ward"]
[Black "Babazada, Khazar"]
[WhiteFideId "7601450"]
[BlackFideId "13413554"]
[WhiteElo "2319"]
[BlackElo "2315"]
[Result "0-1"]
[Round "02"]
[TimeControl "180+1"]
[Date "2021.09.28"]
[WhiteClock "0:00:01"]
[BlackClock "0:00:29"]

1. d4 d5 2. Nf3 Nf6 3. Nc3 g6 4. Bg5 Bg7 5. e3 O-O 6. Bd3 c5 7. O-O Nc6 8. dxc5 Qa5 9. Nd2 Qxc5 10. Nb3 Qd6 11. Nb5 Qd8 12. c4 a6 13. Nc3 Bg4 14. f3 dxc4 15. Bxc4 Bd7 16. Nc5 Bc8 17. e4 Qc7 18. Be2 b6 19. Nd3 Be6 20. Bf4 Qb7 21. Kh1 Rfd8 22. Qe1 Nd4 23. Rd1 Nh5 24. Be3 Nxe2 25. Qxe2 Rac8 26. Nb4 b5 27. Rxd8+ Rxd8 28. Rd1 Qc8 29. Nbd5 Bf8 30. Bb6 Rd6 31. Qe3 Nf6 32. Bc5 Rd7 33. b4 Qd8 34. Nxf6+ exf6 35. Rxd7 Qxd7 36. Bxf8 Kxf8 37. h3 Qd6 38. a3 Kg7 39. Kg1 h5 40. h4 Qe5 41. Kf2 g5 42. hxg5 fxg5 43. Ne2 Bc4 44. Qd4 Qf6 45. Qxf6+ Kxf6 46. Nd4 h4 47. Nc6 Ke6 48. Nb8 Ke5 49. Nc6+ Kf4 50. Nd4 g4 51. Nf5 g3+ 52. Ke1 h3 53. gxh3 Kxf3 54. Nh4+ Kxe4 55. Ng2 f5 56. h4 f4 57. h5 f3 58. Nh4 f2+ 59. Kd2 f1=Q 0-1


[Site "https://www.chess.com"]

[Event "Titled Tuesday Blitz September 28 2021"]
[White "Andreikin, Dmitry"]
[Black "Horobetz, Graham"]
[WhiteFideId "4158814"]
[BlackFideId "2047322"]
[WhiteElo "3007"]
[BlackElo "2593"]
[Result "1-0"]
[Round "02"]
[TimeControl "180+1"]
[Date "2021.09.28"]
[WhiteClock "0:02:07"]
[BlackClock "0:00:24"]

1. d4 Nf6 2. c4 e6 3. Nf3 Bb4+ 4. Bd2 Qe7 5. g3 Nc6 6. a3 Bxd2+ 7. Qxd2 d6 8. Bg2 e5 9. d5 Nb8 10. Nc3 a5 11. b3 O-O 12. e4 Bg4 13. Nh4 Nfd7 14. h3 Bh5 15. Nf5 Qf6 16. O-O Bg6 17. Ne3 Nc5 18. Rab1 a4 19. b4 Nb3 20. Qd1 Nd4 21. h4 h6 22. f4 exf4 23. Ng4 1-0


[Site "https://www.chess.com"]

[Event "Titled Tuesday Blitz September 28 2021"]
[White "Aradhya, Garg"]
[Black "Vrencian, Lehel"]
[WhiteFideId "25006746"]
[BlackFideId "1230999"]
[WhiteElo "2146"]
[BlackElo "2058"]
[Result "0-1"]
[Round "02"]
[TimeControl "180+1"]
[Date "2021.09.28"]
[WhiteClock "0:00:01"]
[BlackClock "0:00:22"]

1. d4 d5 2. c4 dxc4 3. e4 Nf6 4. e5 Nd5 5. Bxc4 Nc6 6. Nc3 Nb6 7. Bb5 Bd7 8. Nf3 e6 9. O-O Nb4 10. Ng5 Bxb5 11. Nxb5 Qd7 12. a4 a6 13. Nc3 O-O-O 14. Qf3 Nc2 15. Nxf7 Nxa1 16. Nxh8 Nc2 17. Be3 Bb4 18. Na2 Rxh8 19. Qe4 Nxe3 20. fxe3 Be7 21. Rf7 Qxa4 22. Rxe7 Qd1+ 23. Kf2 Rf8+ 24. Kg3 Qe1+ 25. Kh3 Rf5 26. Qh4 Qxe3+ 27. g3 Kb8 28. Rxg7 Qf3 29. Rxh7 Qf1+ 30. Kg4 Qe2+ 31. Kh3 Rf2 32. Qd8+ Ka7 0-1


[Site "https://www.chess.com"]

[Event "Titled Tuesday Blitz September 28 2021"]
[White "Assaubayeva, Bibisara"]
[Black "Zong, Davis"]
[WhiteFideId "13708694"]
[BlackFideId "30903955"]
[WhiteElo "2232"]
[BlackElo "2061"]
[Result "1-0"]
[Round "02"]
[TimeControl "180+1"]
[Date "2021.09.28"]
[WhiteClock "0:00:28"]
[BlackClock "0:00:05"]

1. d4 Nf6 2. c4 g6 3. Nc3 d5 4. cxd5 Nxd5 5. e4 Nxc3 6. bxc3 Bg7 7. Nf3 c5 8. Be3 Nc6 9. Qd2 Bg4 10. d5 Qa5 11. Rc1 Rd8 12. Be2 O-O 13. O-O e6 14. Rfd1 exd5 15. exd5 Rfe8 16. Qb2 Ne5 17. Nxe5 Bxe2 18. Nxf7 Bxd1 19. Nxd8 Rxd8 20. Rxd1 Qb6 21. Qc2 Qd6 22. c4 b6 23. Qe4 Kf7 24. Re1 Re8 25. Qxe8+ Kxe8 26. Bf4+ Qe7 27. Rxe7+ Kxe7 28. Bb8 a6 29. Ba7 Kd6 30. Bxb6 Bf8 31. f4 Bh6 32. g3 g5 33. fxg5 Bxg5 34. Kf2 Bf6 35. Kf3 h5 36. Ke4 Be7 37. Kf5 Kd7 38. Ba5 h4 39. gxh4 Bxh4 40. Kg4 Be7 41. h4 Kd6 42. h5 Ke5 43. Bc3+ Ke4 44. h6 Kd3 45. h7 Kxc3 46. h8=Q+ Kxc4 47. Qe5 1-0


[Site "https://www.chess.com"]

[Event "Titled Tuesday Blitz September 28 2021"]
[White "Avramidou, Anastasia"]
[Black "Fier, Alexandr"]
[WhiteFideId "4239873"]
[BlackFideId "2107139"]
[WhiteElo "2183"]
[BlackElo "2569"]
[Result "0-1"]
[Round "02"]
[TimeControl "180+1"]
[Date "2021.09.28"]
[WhiteClock "0:00:03"]
[BlackClock "0:01:15"]

1. Nf3 Nf6 2. c4 c5 3. Nc3 Nc6 4. g3 d5 5. cxd5 Nxd5 6. Bg2 Nc7 7. O-O e5 8. d3 Be7 9. Be3 O-O 10. Rc1 Bd7 11. Nd2 b6 12. Nc4 f6 13. a3 Rc8 14. Qb3 Kh8 15. Rfd1 Nd4 16. Bxd4 exd4 17. Ne4 Bg4 18. Re1 f5 19. Ned2 f4 20. Nf3 fxg3 21. hxg3 Be6 22. Qc2 Nd5 23. e4 dxe3 24. Nxe3 Nxe3 25. Rxe3 Bd5 26. Rce1 Bf6 27. Ne5 Bxg2 28. Kxg2 Qd5+ 29. Kg1 Rcd8 30. Qc4 Qxc4 31. dxc4 Kg8 32. b4 Rd4 33. bxc5 bxc5 34. Nc6 Rxc4 35. Re4 Rc2 36. Rf4 a6 37. Re6 h6 38. a4 c4 39. Nb4 Rc1+ 40. Kg2 a5 41. Nd5 Bg5 42. Rxf8+ Kxf8 43. Rc6 Kf7 44. f4 Bd8 45. Rc8 Bf6 46. Nxf6 Kxf6 47. Rc5 c3 48. Rxa5 Ke6 49. Rc5 Kd6 50. Rc8 Kd5 51. a5 Kd4 52. Rd8+ Ke3 53. Re8+ Kd2 54. Rd8+ Kc2 55. a6 Ra1 56. Ra8 Kc1 57. Kf2 c2 58. Ke2 Ra3 59. a7 Ra6 0-1


[Site "https://www.chess.com"]

[Event "Titled Tuesday Blitz September 28 2021"]
[White "Bach, Ngoc Thuy Duong"]
[Black "Ezat, Mohamed"]
[WhiteFideId "12408956"]
[BlackFideId "10600906"]
[WhiteElo "1896"]
[BlackElo "2414"]
[Result "1-0"]
[Round "02"]
[TimeControl "180+1"]
[Date "2021.09.28"]
[WhiteClock "0:00:11"]
[BlackClock "0:00:34"]

1. d4 Nf6 2. c4 g6 3. Nc3 Bg7 4. e4 d6 5. Nf3 O-O 6. Be2 e5 7. O-O exd4 8. Nxd4 Re8 9. Bf3 c6 10. Re1 Nbd7 11. h3 Nc5 12. Bg5 h6 13. Bf4 a5 14. Qd2 Kh7 15. Rad1 a4 16. Nc2 Ne6 17. Bxd6 Ng5 18. Qf4 Nxf3+ 19. Qxf3 Qb6 20. e5 Ng8 21. Nd4 f5 22. c5 Qa6 23. a3 Qc4 24. Qe2 Qf7 25. Qd3 h5 26. Qc2 Ne7 27. Nxa4 Nd5 28. Nc3 Nf4 29. Nce2 Ne6 30. Nxe6 Bxe6 31. Nd4 Bd5 32. Qe2 f4 33. e6 Qf6 34. Nf3 Rxe6 35. Qxe6 Bxe6 36. Rxe6 Qxb2 37. Ng5+ Kg8 38. Rxg6 Qc2 39. Rxg7+ Kxg7 40. Re1 Kg6 41. Ne6 Ra4 42. Nxf4+ Rxf4 43. Bxf4 Qxc5 44. Re6+ Kf5 45. Re5+ Qxe5 46. Bxe5 Kxe5 47. g4 hxg4 48. hxg4 b5 49. Kf1 Kd4 50. Ke2 c5 51. g5 Kc3 52. g6 b4 53. axb4 cxb4 54. g7 b3 55. g8=Q b2 56. Qb8 Kc2 57. Qxb2+ Kxb2 58. Ke3 Kc3 59. f4 Kc4 60. Ke4 Kc5 61. Ke5 Kc6 62. f5 Kd7 63. Kf6 Ke8 64. Kg7 Kd7 65. f6 Ke6 66. f7 1-0


[Site "https://www.chess.com"]

[Event "Titled Tuesday Blitz September 28 2021"]
[White "Bazarov, Konstantin"]
[Black "Siva Mahadevan"]
[WhiteFideId "4137000"]
[BlackFideId "25043153"]
[WhiteElo "2035"]
[BlackElo "2203"]
[Result "0-1"]
[Round "02"]
[TimeControl "180+1"]
[Date "2021.09.28"]
[WhiteClock "0:00:24"]
[BlackClock "0:01:01"]

1. d4 Nf6 2. c4 g6 3. Nc3 Bg7 4. e4 O-O 5. f3 d6 6. Be3 a6 7. Qd2 Nbd7 8. Bh6 e5 9. d5 Nxe4 10. Nxe4 Qh4+ 11. g3 Qxh6 12. Qxh6 Bxh6 13. Bg2 f5 14. Nc3 Nc5 15. Rd1 Bd7 16. Nge2 b5 17. b4 Nb7 18. Bf1 bxc4 19. Nc1 a5 20. b5 a4 21. Bxc4 Nc5 22. O-O Rae8 23. Nd3 Nxd3 24. Bxd3 a3 25. Rfe1 Rb8 26. Bc4 Rfe8 27. Re2 Kg7 28. Kf2 Bg5 29. Rb1 h5 30. Rb3 Ra8 31. b6 cxb6 32. Bb5 Red8 33. Bxd7 Rxd7 34. Rxb6 Ra5 35. Rc6 Bd8 36. Rc2 h4 37. Ke2 hxg3 38. hxg3 Kf7 39. Kd3 Be7 40. Kc4 Rd8 41. Kb4 Ra7 42. Nb5 Rb8 43. Rc7 Ra6 44. R2c6 Rab6 45. Rxb6 Rxb6 46. Ka5 Rb8 47. Nxd6+ Kf6 48. Nb5 Bd8 49. d6 Ke6 50. Ka6 Bxc7 51. dxc7 Rc8 52. Kb7 Kd7 53. Kb6 e4 54. fxe4 fxe4 55. Nc3 e3 56. Nd5 e2 57. Nf6+ Ke6 0-1


[Site "https://www.chess.com"]

[Event "Titled Tuesday Blitz September 28 2021"]
[White "Begmuratov, Khumoyun"]
[Black "Martins, Igor Carvalho Ribeiro"]
[WhiteFideId "14210207"]
[BlackFideId "2162962"]
[WhiteElo "1948"]
[BlackElo "2487"]
[Result "1-0"]
[Round "02"]
[TimeControl "180+1"]
[Date "2021.09.28"]
[WhiteClock "0:01:10"]
[BlackClock "0:02:05"]

1. Nf3 Nf6 2. c4 g6 3. g3 Bg7 4. Bg2 O-O 5. O-O d6 6. Nc3 e5 7. d4 Nbd7 8. dxe5 dxe5 9. e4 c6 10. Qc2 Qe7 11. Rd1 Ne8 12. Be3 Nc7 13. a3 Ne6 14. h4 f5 15. exf5 gxf5 16. Ng5 Nd4 17. Bxd4 exd4 18. Ne2 h6 19. Nf3 c5 20. Nf4 Nf6 21. Ng6 Qe4 22. Qd2 Re8 23. Nfe5 1-0


[Site "https://www.chess.com"]

[Event "Titled Tuesday Blitz September 28 2021"]
[White "Bok, Benjamin"]
[Black "Matamoros Franco, Carlos S."]
[WhiteFideId "1017063"]
[BlackFideId "3600017"]
[WhiteElo "2987"]
[BlackElo "2589"]
[Result "1-0"]
[Round "02"]
[TimeControl "180+1"]
[Date "2021.09.28"]
[WhiteClock "0:00:02"]
[BlackClock "0:00:03"]

1. d4 Nf6 2. c4 c5 3. Nf3 g6 4. g3 Bg7 5. Bg2 O-O 6. Nc3 d6 7. O-O Nc6 8. dxc5 dxc5 9. Bf4 Be6 10. Ne5 Nxe5 11. Bxe5 Nd7 12. Bxg7 Kxg7 13. b3 Qc7 14. Qd3 Nf6 15. Rfd1 a6 16. Nd5 Bxd5 17. cxd5 Rad8 18. Rac1 Qa5 19. Qc2 b6 20. e4 e5 21. dxe6 fxe6 22. Qb2 Kf7 23. Qe5 Rxd1+ 24. Rxd1 Qxa2 25. Qc7+ Kg8 26. Qxb6 Re8 27. e5 Qe2 28. Rf1 Qxe5 29. Qxa6 Qd4 30. Re1 Ng4 31. Re2 Re7 32. h3 Nf6 33. Rxe6 Rxe6 34. Qxe6+ Kg7 35. Qe7+ Kg8 36. Bf1 h5 37. Bc4+ Kh8 38. Qf7 Ne4 39. Qg8# 1-0


[Site "https://www.chess.com"]

[Event "Titled Tuesday Blitz September 28 2021"]
[White "Borsuk, Konstantin"]
[Black "Moskvin, Anatoly"]
[WhiteFideId "14113406"]
[BlackFideId "24199990"]
[WhiteElo "2414"]
[BlackElo "2098"]
[Result "1/2-1/2"]
[Round "02"]
[TimeControl "180+1"]
[Date "2021.09.28"]
[WhiteClock "0:00:06"]
[BlackClock "0:00:10"]

1. d3 g6 2. g3 Bg7 3. Bg2 c5 4. c4 Nc6 5. Nh3 e6 6. Nf4 Nge7 7. Nc3 O-O 8. O-O a6 9. a3 Rb8 10. Rb1 b5 11. cxb5 axb5 12. Ne4 d6 13. b4 h6 14. bxc5 dxc5 15. Nxc5 e5 16. Nh3 Bg4 17. Kh1 Qc8 18. Ng1 Nd4 19. Nb3 Nec6 20. Be3 Qa6 21. Bxd4 Nxd4 22. Nxd4 exd4 23. Qb3 Be6 24. Bd5 Bxd5+ 25. Qxd5 Rfd8 26. Qb3 Bf8 27. Ra1 Rdc8 28. Nf3 Qc6 29. a4 b4 30. Rfb1 Qc3 31. Kg2 Rc5 32. a5 Rc7 33. a6 Ra7 34. Qd5 Qc5 35. Qb3 Qc3 36. Ra5 Qxb3 37. Rxb3 Rba8 38. Nxd4 Rxa6 39. Rxa6 Rxa6 40. Nc2 Ra2 41. Nxb4 Rxe2 42. Nd5 Rd2 43. h4 Bc5 44. Kf3 Rxf2+ 45. Ke4 Re2+ 46. Kf3 Rf2+ 47. Ke4 Re2+ 48. Kf4 Rf2+ 49. Kg4 h5+ 50. Kh3 Bd6 51. Rb6 Be5 52. Rb4 Rf3 53. Nf4 Bxf4 54. Rxf4 Rxf4 55. gxf4 Kf8 56. Kg3 Ke7 57. f5 gxf5 58. Kf4 Kd6 59. Kxf5 Kd5 60. Kf6 Kd4 61. Kxf7 Kxd3 62. Kg6 Ke4 63. Kxh5 Kf5 64. Kh6 Kf6 65. Kh7 Kf7 66. h5 Kf8 1/2-1/2


[Site "https://www.chess.com"]

[Event "Titled Tuesday Blitz September 28 2021"]
[White "Bortnyk, Olexandr"]
[Black "Lewtak, Damian"]
[WhiteFideId "14120828"]
[BlackFideId "1141724"]
[WhiteElo "2950"]
[BlackElo "2582"]
[Result "1-0"]
[Round "02"]
[TimeControl "180+1"]
[Date "2021.09.28"]
[WhiteClock "0:00:14"]
[BlackClock "0:00:43"]

1. e4 e6 2. d4 d5 3. Nc3 dxe4 4. Nxe4 Bd7 5. Nf3 Bc6 6. Bd3 Nf6 7. Ng3 Bxf3 8. Qxf3 c6 9. c3 Nbd7 10. O-O Bd6 11. Re1 O-O 12. Bg5 h6 13. Be3 Re8 14. Rad1 Qc7 15. Bb1 Rad8 16. h4 b6 17. Ne4 Nxe4 18. Qxe4 Nf6 19. Qf3 Nd5 20. Bd2 b5 21. g3 Bf8 22. a3 a5 23. Re4 a4 24. Rde1 Nf6 25. R4e2 Nd5 26. Re4 Nf6 27. Rf4 Nd5 28. Qd3 g6 29. Rf3 h5 30. Bg5 Be7 31. Rxf7 1-0


[Site "https://www.chess.com"]

[Event "Titled Tuesday Blitz September 28 2021"]
[White "Bugayev, Vladimir"]
[Black "Ghimpu, Samuel-Timotei"]
[WhiteFideId "30901480"]
[BlackFideId "1238175"]
[WhiteElo "2341"]
[BlackElo "2012"]
[Result "0-1"]
[Round "02"]
[TimeControl "180+1"]
[Date "2021.09.28"]
[WhiteClock "0:00:31"]
[BlackClock "0:00:33"]

1. e4 e6 2. d4 d5 3. Bd3 dxe4 4. Bxe4 Nf6 5. Bf3 c5 6. Ne2 Nc6 7. Be3 Nd5 8. Bxd5 Qxd5 9. Nbc3 Qxg2 10. Rg1 Qxh2 11. d5 Nd4 12. Bxd4 cxd4 13. Qxd4 a6 14. O-O-O e5 15. Qb6 Qh6+ 16. Qxh6 gxh6 17. Ne4 f5 18. Nf6+ Kf7 19. d6 Be6 20. d7 Rd8 21. Ne8 Rxd7 22. Rxd7+ Bxd7 23. Nc7 Bc5 24. Rh1 Bxf2 25. Nd5 Bc6 26. c4 Bxd5 27. cxd5 Kg6 28. Rh2 Be3+ 29. Kc2 f4 30. Kd3 Kf5 31. Rh5+ Kg4 32. Rxe5 h5 33. Ke4 h4 34. Nd4 Bxd4 35. Kxd4 h3 36. d6 h2 37. Re1 Kg3 38. Kd5 f3 39. d7 Rd8 40. Kd6 f2 41. Rc1 Kg2 0-1


[Site "https://www.chess.com"]

[Event "Titled Tuesday Blitz September 28 2021"]
[White "Costachi, Mihnea"]
[Black "Xiong, Jeffery"]
[WhiteFideId "1217518"]
[BlackFideId "2047640"]
[WhiteElo "2594"]
[BlackElo "3023"]
[Result "1-0"]
[Round "02"]
[TimeControl "180+1"]
[Date "2021.09.28"]
[WhiteClock "0:02:02"]
[BlackClock "0:00:11"]

1. d4 Nf6 2. c4 c5 3. d5 b5 4. Qc2 b4 5. e4 d6 6. Bd3 g6 7. Nf3 Bg7 8. O-O Nbd7 9. Re1 Ng4 10. a3 O-O 11. h3 Nge5 12. Nxe5 Bxe5 13. Bh6 Re8 14. Nd2 Qb6 15. f4 Bd4+ 16. Kh1 bxa3 17. Rxa3 Qxb2 18. Qxb2 Bxb2 19. Rb3 Bh8 20. Nf3 a5 21. e5 a4 22. Ra3 Nb6 23. exd6 Bf5 24. dxe7 Bb2 25. Ra2 Bxd3 26. Rxb2 Nxc4 27. Rb7 a3 28. Ne5 a2 29. Ra1 Nxe5 30. fxe5 Be4 31. Rd7 c4 32. d6 Bc6 33. Rc7 1-0


[Site "https://www.chess.com"]

[Event "Titled Tuesday Blitz September 28 2021"]
[White "Coto Mederos, Michel"]
[Black "Mgeladze, Tamaz"]
[WhiteFideId "3508528"]
[BlackFideId "13601202"]
[WhiteElo "2427"]
[BlackElo "2258"]
[Result "0-1"]
[Round "02"]
[TimeControl "180+1"]
[Date "2021.09.28"]
[WhiteClock "0:00:16"]
[BlackClock "0:01:40"]

1. c4 c5 2. b3 Nf6 3. Bb2 g6 4. Bxf6 exf6 5. Nc3 Bg7 6. g3 O-O 7. Bg2 Nc6 8. e3 d6 9. Nge2 f5 10. O-O Re8 11. Rc1 Qd7 12. Nd5 b6 13. d4 cxd4 14. Nxd4 Bb7 15. Nxc6 Bxc6 16. Qd3 Rad8 17. Nb4 Bxg2 18. Kxg2 h5 19. h4 Bf6 20. Nd5 Kg7 21. Nxf6 Kxf6 22. Rfd1 Qe6 23. Qc3+ Qe5 24. Rd5 Qxc3 25. Rxc3 Re6 26. Rcd3 Ke7 27. b4 Rc8 28. R3d4 Rc6 29. Kf3 Re4 30. Ke2 Rxc4 31. Rxd6 Rc2+ 32. Kf3 Rxd4 33. Rxd4 Rxa2 34. Rc4 Ra4 35. Rc7+ Ke6 36. b5 Ra5 37. Kf4 Ra4+ 38. Kf3 Ra5 39. Kf4 Rxb5 40. Rxa7 Rb4+ 41. Kg5 Rg4+ 42. Kh6 b5 43. Rb7 b4 44. Kg7 Kd5 45. f3 Rxg3 46. Rxb4 Rxf3 47. Kxf7 Rg3 48. Rb6 Rxe3 49. Kxg6 Re6+ 50. Rxe6 Kxe6 51. Kg5 Ke5 52. Kxh5 Kf6 53. Kh6 f4 54. h5 f3 55. Kh7 f2 56. h6 f1=Q 57. Kg8 Qg2+ 58. Kh8 Qg6 59. h7 Qe8# 0-1


[Site "https://www.chess.com"]

[Event "Titled Tuesday Blitz September 28 2021"]
[White "De Silva, L M S T"]
[Black "Idrisov, Ildar F"]
[WhiteFideId "9953698"]
[BlackFideId "4151020"]
[WhiteElo "1621"]
[BlackElo "2209"]
[Result "1-0"]
[Round "02"]
[TimeControl "180+1"]
[Date "2021.09.28"]
[WhiteClock "0:02:12"]
[BlackClock "0:00:53"]

1. e4 d5 2. exd5 Qxd5 3. Nc3 Qd6 4. d4 a6 5. Nf3 Nf6 6. g3 Bg4 7. Bg2 e6 8. Bf4 Qb4 9. O-O Bd6 10. Bxd6 cxd6 11. Qd2 Bxf3 12. Bxf3 Nbd7 13. a3 Qb6 14. d5 e5 15. Bg2 O-O 16. Nd1 Rac8 17. Rb1 Nc5 18. Ne3 Nce4 19. Qe2 Qb5 20. c4 Qd7 21. Rbc1 b5 22. b4 bxc4 23. Nxc4 Rxc4 24. Rxc4 Ng5 25. h4 Nh3+ 26. Kh2 Ng4+ 27. Rxg4 Qxg4 28. Qxg4 1-0


[Site "https://www.chess.com"]

[Event "Titled Tuesday Blitz September 28 2021"]
[White "Wagner, Dinara"]
[Black "Quintiliano Pinto, Renato R."]
[WhiteFideId "24157570"]
[BlackFideId "2117568"]
[WhiteElo "2260"]
[BlackElo "2439"]
[Result "1-0"]
[Round "02"]
[TimeControl "180+1"]
[Date "2021.09.28"]
[WhiteClock "0:00:27"]
[BlackClock "0:00:03"]

1. d4 d5 2. c4 c6 3. Nf3 Nf6 4. g3 Bf5 5. Nc3 e6 6. Nh4 Be4 7. f3 Bg6 8. Qb3 Qb6 9. c5 Qc7 10. Bf4 Qc8 11. O-O-O Be7 12. Nxg6 hxg6 13. e4 Nbd7 14. Bd3 O-O 15. e5 Nh7 16. h4 b6 17. cxb6 axb6 18. h5 g5 19. h6 g6 20. Be3 Kh8 21. Qc2 c5 22. Bxg6 fxg6 23. Qxg6 Rg8 24. Qxe6 cxd4 25. Bxd4 Bc5 26. Qxd5 Bxd4 27. Qxd4 Rxa2 28. Kb1 Ra7 29. Nb5 Ra5 30. Nd6 Qf8 31. e6+ Nhf6 32. exd7 Rg6 33. d8=Q Qxd8 34. Nf7+ Kh7 35. Qxd8 1-0


[Site "https://www.chess.com"]

[Event "Titled Tuesday Blitz September 28 2021"]
[White "Drozdowski, Kacper"]
[Black "Sellitti, Federico"]
[WhiteFideId "1136720"]
[BlackFideId "821829"]
[WhiteElo "2507"]
[BlackElo "2556"]
[Result "1-0"]
[Round "02"]
[TimeControl "180+1"]
[Date "2021.09.28"]
[WhiteClock "0:00:31"]
[BlackClock "0:00:04"]

1. e4 c5 2. Nf3 Nf6 3. Nc3 d5 4. exd5 Nxd5 5. Bb5+ Bd7 6. Bxd7+ Qxd7 7. O-O Nxc3 8. bxc3 Nc6 9. Rb1 g6 10. d4 Bg7 11. d5 Ne5 12. Nxe5 Bxe5 13. c4 O-O 14. Re1 Bf6 15. Qd3 Rfe8 16. Bf4 b6 17. h3 Rad8 18. Re2 e6 19. Rd1 exd5 20. cxd5 Rxe2 21. Qxe2 b5 22. c4 bxc4 23. Qxc4 Bd4 24. d6 Qe6 25. Qa6 Rd7 26. Bg3 Kg7 27. Kh2 Be5 28. Bxe5+ Qxe5+ 29. Kg1 c4 30. Qc6 Qe6 31. a4 a5 32. Qc5 Qe2 33. Qd4+ Kg8 34. Rb1 Rd8 35. Qb6 Qe8 36. Rd1 c3 37. Qc7 Qd7 38. Qxc3 Qxa4 39. Rd4 Qd7 40. Qxa5 f6 41. Qd5+ Qf7 42. Qc6 Rd7 43. Rd1 Kg7 44. h4 h5 45. g3 f5 46. Qc3+ Qf6 47. Qc6 Qe6 48. Qc5 Kf6 49. Qd4+ Qe5 50. Qb4 Qe6 51. Qc3+ Qe5 52. Qc8 Qe6 53. Qf8+ Qf7 54. Qh8+ Qg7 55. Qb8 Qf7 56. Re1 f4 57. Qb2+ Kf5 58. Qe5+ Kg4 59. Qg5+ Kf3 60. gxf4 Qxf4 61. Re3+ Qxe3 62. Qxe3+ 1-0


[Site "https://www.chess.com"]

[Event "Titled Tuesday Blitz September 28 2021"]
[White "Erdogdu, Mert"]
[Black "Colijn, Stefan"]
[WhiteFideId "6301495"]
[BlackFideId "1016199"]
[WhiteElo "2485"]
[BlackElo "2305"]
[Result "1-0"]
[Round "02"]
[TimeControl "180+1"]
[Date "2021.09.28"]
[WhiteClock "0:00:26"]
[BlackClock "0:00:06"]

1. e4 e5 2. Nf3 Nf6 3. Nxe5 d6 4. Nf3 Nxe4 5. d4 d5 6. Bd3 Nc6 7. O-O Bg4 8. Nc3 f5 9. Re1 Bd6 10. h3 Bh5 11. Nxd5 O-O 12. c3 Kh8 13. Bf4 g5 14. Bxd6 Qxd6 15. Ne3 g4 16. hxg4 fxg4 17. Bxe4 gxf3 18. Bxf3 Rxf3 19. gxf3 Rg8+ 20. Ng4 Bf7 21. Kh1 Bd5 22. Rg1 Qf4 23. Nh2 Re8 24. Rg4 Qf5 25. Rg3 Re6 26. Qd2 Ne7 27. Rag1 Ng6 28. Qh6 Rf6 29. Rh3 Bg8 30. Qg5 Qe6 31. Ng4 Rf5 32. Qh6 Nf4 33. Ne5 Nxh3 34. Qg7# 1-0


[Site "https://www.chess.com"]